 Dungeon Crawl Stone Soup version 0.16-a0-1196-ged0958e (webtiles) character file.

114 Kashira the Chopper (level 4, -1/36 HPs)
             Began as a Vine Stalker Berserker on Oct 11, 2014.
             Was a Believer of Trog.
             Slain by an orc
             ... wielding a +0 flail
              (6 damage)
             ... on level 3 of the Dungeon.
             The game lasted 00:02:48 (1152 turns).

Kashira the Chopper (Vine Stalker Berserker)        Turns: 1152, Time: 00:02:50

Health: -1/36      AC:  8    Str: 25    XL:     4   Next: 98%
Magic:  0/5        EV: 10    Int:  8    God:    Trog [**....]
Gold:   112        SH:  0    Dex: 13    Spells: 0 memorised, 3 levels left

rFire  . . .     SeeInvis .     a - +0 hand axe
rCold  . . .     Clarity  .     o - +0 ring mail
rNeg   . . .     SustAb   .     (no shield)
rPois  .         Gourm    .     s - +0 helmet
rElec  .         Spirit   +     e - +0 cloak (curse)
rCorr  .         Warding  .     (no gloves)
rMut   .         Stasis   .     l - +0 pair of boots
MR     .....                    (no amulet)
Stlth  ..........               (no ring)
                                r - cursed ring of loudness

@: berserking, slowed, not resistant to hostile enchantments, extremely
unstealthy
A: fangs 2, regeneration 1, magic shield, antimagic bite, no device heal 3, rot
immunity
a: Burn Spellbooks, Berserk, Trog's Hand, Renounce Religion


You were on level 3 of the Dungeon.
You worshipped Trog.
Trog was pleased with you.
You were not hungry.

You visited 1 branch of the dungeon, and saw 3 of its levels.

You collected 112 gold pieces.

Inventory:

Hand weapons
 a - a +0 hand axe (weapon)
Armour
 b - a +0 animal skin
 e - a cursed +0 cloak (worn)
 l - a +0 pair of boots (worn)
 o - a +0 ring mail (worn)
 s - a +0 helmet (worn)
Comestibles
 c - 2 bread rations
 p - a meat ration
Scrolls
 d - 2 scrolls of identify {unknown}
 g - 2 scrolls of blinking {unknown}
 h - 2 scrolls of remove curse {unknown}
 j - a scroll of immolation {unknown}
 n - a scroll of fear {unknown}
 q - a scroll of teleportation {unknown}
Jewellery
 r - a cursed ring of loudness (left hand)
Potions
 f - 3 potions of curing {unknown}
 i - a potion of lignification {unknown}
 k - a potion of heal wounds {unknown}
 m - a potion of resistance {unknown}


   Skills:
 + Level 3.3 Fighting
 * Level 3.9 Axes
 + Level 2.0 Armour
 + Level 2.1 Dodging


You had 3 spell levels left.
You didn't know any spells.

Dungeon Overview and Level Annotations

Branches:
Dungeon (3/15)

Altars:
Cheibriados
Gozag
Makhleb
Sif Muna
Vehumet


Innate Abilities, Weirdness & Mutations

You have extremely sharp teeth.
Your natural rate of healing is unusually fast.
When hurt, damage is shared between your health and your magic reserves.
Your bite disrupts and absorbs the magic of your enemies.
Potions and wands cannot restore your health.
You are immune to rotting.


Message History

The orc wizard hits you but does no damage.
The adder bites you but does no damage.
The orc wizard points at you and mumbles some strange words.
The magic dart hits you!
* * * LOW HITPOINT WARNING * * *
The orc priest hits you but does no damage.
You slash the orc priest!
You kill the orc priest!
Trog accepts your kill.
Your Armour skill increases to level 2!
You hit the orc.
The orc is heavily wounded.
You hit the orc wizard.
The orc wizard is heavily wounded.
You closely miss the adder.
The adder is almost dead.
The adder bites you but does no damage. The orc wizard hits you with a dagger.
* * * LOW HITPOINT WARNING * * *
The orc hits you with a flail!
You die...

##########
#....)...####
#.<.@o.o.....
#...So...####
.......######
#.####.# ..
#.# # #.# ..#
... ..#


You could see an orc priest, an orc wizard, an adder and an orc.

Vanquished Creatures
  An orc priest (D:3)
  Jessica (D:2)
  4 adders (D:2)
  A worm (D:2)
  An orc (D:3)
  4 giant cockroaches
  3 goblins (D:2)
  3 hobgoblins
  2 bats
  A giant gecko (D:1)
  4 giant newts
  A jackal (D:3)
  3 kobolds (D:1)
  5 rats (D:1)
34 creatures vanquished.

Notes
Turn   | Place    | Note
--------------------------------------------------------------
     0 | D:1      | Kashira, the Vine Stalker Berserker, began the quest for the Orb.
     0 | D:1      | Reached XP level 1. HP: 11/11 MP: 1/1
   204 | D:1      | Reached skill level 3 in Axes
   204 | D:1      | Reached XP level 2. HP: 14/16 MP: 3/3
   597 | D:2      | Acquired Trog's second power
   597 | D:2      | Reached XP level 3. HP: 20/20 MP: 4/4
   739 | D:2      | Noticed Jessica
   748 | D:2      | Killed Jessica
   820 | D:2      | Reached XP level 4. HP: 19/24 MP: 3/5
   968 | D:2      | Found a snail-covered altar of Cheibriados.
   973 | D:2      | Found a deep blue altar of Sif Muna.
   973 | D:2      | Found a burning altar of Makhleb.
   973 | D:2      | Found a radiant altar of Vehumet.
   986 | D:2      | Found an opulent altar of Gozag.
  1152 | D:3      | Slain by an orc

Action                   |  1- 3 |  4- 6 || total
-------------------------+-------+-------++-------
Melee: Hand axe          |    62 |    22 ||    84
Invok: Berserk           |     1 |     1 ||     2
  Eat: Bread ration      |     1 |       ||     1
